[Event "Titled Tuesday Blitz May 24 Early 2022"]
[White "Hirneise, Jens"]
[Black "Karolczuk, Iwo"]
[WhiteFideId "24614734"]
[BlackFideId "21816972"]
[WhiteElo "2359"]
[BlackElo "2258"]
[Result "0-1"]
[Round "03"]
[TimeControl "180+1"]
[Date "2022.05.25"]
[WhiteClock "0:00:07"]
[BlackClock "0:00:05"]

1. Nf3 c5 2. c4 g6 3. Nc3 Bg7 4. d4 cxd4 5. Nxd4 Nc6 6. e3 Nf6 7. Be2 O-O 8. O-O d5 9. Nxc6 bxc6 10. cxd5 cxd5 11. Bf3 Bb7 12. Qb3 Rb8 13. Rd1 e6 14. Bd2 Nd7 15. Qa3 Ne5 16. Be2 a6 17. Na4 Nc4 18. Bxc4 dxc4 19. f3 Qh4 20. Bc3 Bh6 21. Be5 Rbd8 22. Nc5 Bd5 23. e4 Bc6 24. Qc3 Qh5 25. Bd4 Bf4 26. g3 Bd6 27. Nxa6 Qh3 28. Bf2 Bb5 29. Nc5 Qh5 30. Nb7 Be5 31. Qa5 Rxd1+ 32. Rxd1 Bxb2 33. Nd6 Qxf3 34. Qxb5 Qxd1+ 35. Kg2 c3 36. Nc4 c2 37. Nxb2 Qd2 38. Nd3 Qxd3 39. Qxd3 c1=Q 40. e5 Qb2 41. Qe4 Qxa2 42. h4 Qd5 43. Qxd5 exd5 44. Kf3 Rc8 45. Bd4 Rc4 46. Ke3 Kf8 47. Kd3 Ke7 48. g4 Ke6 49. h5 gxh5 50. gxh5 Kf5 51. h6 Rxd4+ 52. Kxd4 Ke6 0-1


[Site "https://www.chess.com"]

[Event "Titled Tuesday Blitz May 24 Early 2022"]
[White "Hoffmann, Asa"]
[Black "Domingo Nunez, Ruben"]
[WhiteFideId "2001470"]
[BlackFideId "22245570"]
[WhiteElo "2117"]
[BlackElo "2376"]
[Result "0-1"]
[Round "03"]
[TimeControl "180+1"]
[Date "2022.05.25"]
[WhiteClock "0:01:12"]
[BlackClock "0:01:14"]

1. d4 d6 2. e4 Nc6 3. Nf3 e5 4. Bb5 exd4 5. Qxd4 Bd7 6. Bxc6 Bxc6 7. Nc3 Nf6 8. Bg5 Be7 9. O-O-O O-O 10. Rhe1 Re8 11. e5 dxe5 12. Qh4 Qc8 13. Nxe5 Qf5 14. Nxc6 bxc6 15. f3 h6 16. Bxf6 Bxf6 17. Qc4 Qg5+ 18. Kb1 Qxg2 19. Qxc6 Reb8 20. Rg1 Rxb2+ 21. Kxb2 Rb8+ 22. Kc1 Bg5+ 0-1


[Site "https://www.chess.com"]

[Event "Titled Tuesday Blitz May 24 Early 2022"]
[White "Ioannidis, Evgenios"]
[Black "Boyer, Mahel"]
[WhiteFideId "4229274"]
[BlackFideId "45102422"]
[WhiteElo "2254"]
[BlackElo "2328"]
[Result "0-1"]
[Round "03"]
[TimeControl "180+1"]
[Date "2022.05.25"]
[WhiteClock "0:00:06"]
[BlackClock "0:00:06"]

1. d4 Nf6 2. c4 g6 3. Nc3 d5 4. Nxd5 Nxd5 5. cxd5 Qxd5 6. Nf3 Bg7 7. b3 c5 8. Bb2 Nc6 9. e3 cxd4 10. Nxd4 Bd7 11. Rc1 Qa5+ 12. Qd2 Qxd2+ 13. Kxd2 O-O-O 14. Bb5 Kb8 15. Bxc6 Bxc6 16. Ke2 Bxg2 17. Rhd1 e5 18. Nb5 a6 19. Nd6 Rd7 20. Nc4 Re7 21. f3 Bh3 22. e4 Bd7 23. Rd5 Bc6 24. Rc5 Rhe8 25. a4 f6 26. Na5 Bd7 27. Ba3 Be6 28. R5c3 Rd7 29. Rd1 Red8 30. Rxd7 Rxd7 31. b4 Bh6 32. Rd3 Rxd3 33. Kxd3 Bf8 34. Nc4 b5 35. axb5 axb5 36. Ne3 Kc7 37. Kc3 Kc6 38. Bc1 f5 39. Nc2 Bd6 40. Bg5 Bc7 41. Bf6 Kd7 42. Ne3 Ke8 43. exf5 gxf5 44. Nd5 Bxd5 45. Bg5 Bxf3 46. Be3 Kd7 47. Bc5 Bd5 48. Kd3 Bd6 0-1


[Site "https://www.chess.com"]

[Event "Titled Tuesday Blitz May 24 Early 2022"]
[White "Ivanisevic, Ivan"]
[Black "Manukyan, Artyom"]
[WhiteFideId "912417"]
[BlackFideId "13305786"]
[WhiteElo "2495"]
[BlackElo "2034"]
[Result "0-1"]
[Round "03"]
[TimeControl "180+1"]
[Date "2022.05.25"]
[WhiteClock "0:00:11"]
[BlackClock "0:00:04"]

1. d4 d5 2. c4 e6 3. Nf3 Nf6 4. g3 Be7 5. Bg2 O-O 6. O-O dxc4 7. Na3 Bxa3 8. bxa3 Bd7 9. a4 Bc6 10. Ba3 Re8 11. Rc1 Bd5 12. Re1 Nbd7 13. Qc2 Be4 14. Qxc4 Nb6 15. Qxc7 Qxc7 16. Rxc7 Nxa4 17. Ne5 Rec8 18. Rxf7 Rc3 19. Bb4 Rc2 20. Bh3 Bd5 21. f3 a5 22. Be7 Nd7 23. Rf4 Nxe5 24. dxe5 Rxa2 25. e4 Bb3 26. Rb1 Rb2 27. Rc1 Nb6 28. Ba3 Ra2 29. Bd6 a4 30. Rc7 Ra1+ 31. Kf2 Ra2+ 32. Ke3 Nc4+ 33. Kd3 Nb2+ 34. Kc3 Nd1+ 35. Kb4 Rb2 36. Rff7 Ba2+ 37. Kc5 Rc2+ 38. Kb4 Rb2+ 39. Kc5 Ra5+ 40. Kd4 Rd2# 0-1


[Site "https://www.chess.com"]

[Event "Titled Tuesday Blitz May 24 Early 2022"]
[White "Izzat, Kanan"]
[Black "Zhigalko, Sergei"]
[WhiteFideId "13405209"]
[BlackFideId "13502956"]
[WhiteElo "2362"]
[BlackElo "2662"]
[Result "0-1"]
[Round "03"]
[TimeControl "180+1"]
[Date "2022.05.24"]
[WhiteClock "0:00:07"]
[BlackClock "0:00:08"]

1. e4 c5 2. c3 Nf6 3. e5 Nd5 4. Nf3 Nc6 5. d4 cxd4 6. Bc4 Nb6 7. Bb3 g6 8. cxd4 Bg7 9. O-O O-O 10. Nc3 d5 11. h3 Bf5 12. Be3 Rc8 13. Rc1 Na5 14. Bc2 Bxc2 15. Rxc2 Nbc4 16. Bc1 Nc6 17. b3 Nb6 18. Ba3 Qd7 19. Re1 Nd8 20. Ne2 Ne6 21. Bb4 Bh6 22. a4 Rxc2 23. Qxc2 Rc8 24. Qb2 Rc6 25. Bd2 Bxd2 26. Qxd2 Qc7 27. Rc1 Nd7 28. Rxc6 Qxc6 29. Qc3 Nb8 30. Qb4 Kf8 31. Ne1 b6 32. Qd2 a5 33. Nf3 Kg7 34. Nf4 Na6 35. Nxe6+ Qxe6 36. g4 Qc6 37. Qf4 h6 38. h4 Nb4 39. Kg2 Nd3 40. Qe3 Qc2 41. h5 g5 42. Kg3 Nf4 43. e6 f6 44. Ne1 Qe2 45. Qxe2 Nxe2+ 46. Kg2 Nxd4 47. Nd3 Nxe6 48. Kf3 Nc5 49. Nc1 e5 50. Ke3 Kf7 51. f3 Ke6 52. Kd2 f5 53. Ke3 fxg4 54. fxg4 d4+ 55. Kf3 e4+ 56. Kg3 Kd5 0-1


[Site "https://www.chess.com"]

[Event "Titled Tuesday Blitz May 24 Early 2022"]
[White "Jakubowska, Anna"]
[Black "Janaszak, Dawid"]
[WhiteFideId "1121952"]
[BlackFideId "1119206"]
[WhiteElo "1878"]
[BlackElo "2199"]
[Result "1-0"]
[Round "03"]
[TimeControl "180+1"]
[Date "2022.05.25"]
[WhiteClock "0:00:02"]
[BlackClock "0:00:06"]

1. e4 g6 2. d4 Bg7 3. Nc3 a6 4. a4 d6 5. g3 Nd7 6. Bg2 Ngf6 7. Nge2 O-O 8. O-O e5 9. h3 Re8 10. Be3 b6 11. g4 Bb7 12. Ng3 exd4 13. Bxd4 c5 14. Be3 Ne5 15. g5 Nfd7 16. Qe2 Nc6 17. Rad1 Nd4 18. Qd2 Ne5 19. Bxd4 cxd4 20. Nd5 Nc4 21. Qf4 Nxb2 22. Rb1 Nxa4 23. Nf6+ Bxf6 24. gxf6 Nc3 25. Rb4 Re6 26. Rxd4 Qxf6 27. Qd2 Rc8 28. e5 dxe5 29. Bxb7 exd4 30. Bxc8 Rc6 31. Bg4 h5 32. Be2 a5 33. Bd3 Re6 34. Re1 a4 35. Rxe6 Qxe6 36. Qg5 a3 37. Nxh5 a2 38. Nf6+ Kf8 39. Qh6+ Ke7 40. Ng8+ Kd6 41. Qf8+ Kc7 42. Qa8 Qe1+ 43. Kg2 a1=Q 44. Qf8 Qh1+ 45. Kg3 Qag1+ 46. Kh4 Qxf2+ 47. Kg5 Qhg2+ 48. Kh6 Qxh3+ 49. Kg7 Qd7 50. Nf6 Qe6 51. Ne8+ Kb7 52. Ba6+ Ka7 53. Nc7 Qff6+ 54. Kg8 1-0


[Site "https://www.chess.com"]

[Event "Titled Tuesday Blitz May 24 Early 2022"]
[White "Jakubowski, Krzysztof"]
[Black "Namitbir Singh Walia"]
[WhiteFideId "1112848"]
[BlackFideId "35071068"]
[WhiteElo "2365"]
[BlackElo "1565"]
[Result "0-1"]
[Round "03"]
[TimeControl "180+1"]
[Date "2022.05.25"]
[WhiteClock "0:00:24"]
[BlackClock "0:00:28"]

1. c4 e5 2. Nc3 Nc6 3. e3 Nf6 4. a3 d5 5. cxd5 Nxd5 6. Qc2 Nb6 7. b4 a6 8. Bb2 Be6 9. Nf3 Nc4 10. Be2 Nxb2 11. Qxb2 Be7 12. Rc1 O-O 13. O-O f6 14. Na4 Bd5 15. Bc4 Kh8 16. d3 Bxf3 17. gxf3 b5 18. Ba2 bxa4 19. Rxc6 Qxd3 20. Rxc7 Bd6 21. Rc3 Qg6+ 22. Kh1 Qh5 23. Qe2 e4 0-1


[Site "https://www.chess.com"]

[Event "Titled Tuesday Blitz May 24 Early 2022"]
[White "Jeet, Jain"]
[Black "Haas, Michael"]
[WhiteFideId "5073022"]
[BlackFideId "1629514"]
[WhiteElo "2028"]
[BlackElo "1982"]
[Result "1-0"]
[Round "03"]
[TimeControl "180+1"]
[Date "2022.05.25"]
[WhiteClock "0:02:09"]
[BlackClock "0:00:18"]

1. d4 d5 2. Nf3 Nf6 3. e3 e6 4. b3 Be7 5. Bb2 O-O 6. Bd3 b6 7. O-O Bb7 8. Nbd2 Nbd7 9. Qe2 Ne4 10. Ne5 f5 11. Nxd7 Qxd7 12. f3 Nxd2 13. Qxd2 c5 14. Rae1 Bf6 15. c3 e5 16. dxe5 Bxe5 17. c4 Bxb2 18. Qxb2 Rae8 19. cxd5 Bxd5 20. Rd1 Qe6 21. e4 fxe4 22. fxe4 Rxf1+ 23. Rxf1 Bxe4 24. Re1 Qg6 25. Qe2 Bxd3 26. Qxe8+ Qxe8 27. Rxe8+ Kf7 28. Ra8 a6 29. Ra7+ Kg6 30. Rb7 c4 31. Rxb6+ Kg5 32. Rxa6 cxb3 33. Ra5+ Kf4 34. axb3 1-0


[Site "https://www.chess.com"]

[Event "Titled Tuesday Blitz May 24 Early 2022"]
[White "Juhasz, Agoston"]
[Black "Hamley, Ryan"]
[WhiteFideId "778346"]
[BlackFideId "30959497"]
[WhiteElo "2211"]
[BlackElo "2546"]
[Result "1-0"]
[Round "03"]
[TimeControl "180+1"]
[Date "2022.05.25"]
[WhiteClock "0:00:18"]
[BlackClock "0:00:02"]

1. Nf3 g6 2. g3 Bg7 3. Bg2 c5 4. O-O Nc6 5. c4 Nf6 6. Nc3 O-O 7. d3 d5 8. cxd5 Nxd5 9. Nxd5 Qxd5 10. Be3 Qd6 11. Rc1 Nd4 12. Nxd4 cxd4 13. Bf4 e5 14. Bd2 Be6 15. Qa4 Rfd8 16. Bb4 Qd7 17. Qa5 Bd5 18. Rc7 Qe6 19. Rfc1 Bxg2 20. Kxg2 Rd5 21. Qa4 b5 22. Qc2 h5 23. Rc6 Qd7 24. Rc7 Qf5 25. Rc8+ Rxc8 26. Qxc8+ Kh7 27. Qxf5 gxf5 28. Rc7 Kg6 29. Rxa7 e4 30. Ra6+ Kh7 31. b3 Rd7 32. Ra5 Rb7 33. Bc5 Kg6 34. Ra6+ Kh7 35. Rd6 1-0


[Site "https://www.chess.com"]

[Event "Titled Tuesday Blitz May 24 Early 2022"]
[White "Kalogridis, Antonios"]
[Black "Kucuksari, Kaan"]
[WhiteFideId "25833901"]
[BlackFideId "6380166"]
[WhiteElo "1596"]
[BlackElo "2305"]
[Result "1-0"]
[Round "03"]
[TimeControl "180+1"]
[Date "2022.05.25"]
[WhiteClock "0:01:45"]
[BlackClock "0:00:28"]

1. e4 c5 2. Nf3 Nc6 3. d4 cxd4 4. Nxd4 e5 5. Nb5 d6 6. c4 f5 7. N1c3 f4 8. Nd5 Nf6 9. Nbc7+ Kf7 10. Nxa8 Nxd5 11. cxd5 Nd4 12. Bxf4 Bd7 13. Be3 Qxa8 14. Bxd4 exd4 15. Bd3 g6 16. O-O Bg7 17. f4 Rf8 18. e5 Kg8 19. e6 Be8 20. Rc1 Qd8 21. Qe2 Qe7 22. g3 a6 23. h4 Kh8 24. Kg2 Rg8 25. Rc4 Bb5 26. Rc2 Bxd3 27. Qxd3 Qd8 28. Rfc1 Qa5 29. Qe4 d3 30. Qxd3 h5 31. Rc8 Qxa2 32. e7 Qxb2+ 33. R1c2 Rxc8 34. Rxb2 Bxb2 35. Qxg6 Bg7 36. e8=Q+ Rxe8 37. Qxe8+ Kh7 38. Qxh5+ Kg8 39. Qf5 a5 40. Qc8+ Kh7 41. Qxb7 a4 42. Qa6 1-0


[Site "https://www.chess.com"]

[Event "Titled Tuesday Blitz May 24 Early 2022"]
[White "Kholin, Aleksandr"]
[Black "Stanisz, Patryk"]
[WhiteFideId "14179385"]
[BlackFideId "1123106"]
[WhiteElo "2481"]
[BlackElo "1833"]
[Result "1-0"]
[Round "03"]
[TimeControl "180+1"]
[Date "2022.05.25"]
[WhiteClock "0:00:10"]
[BlackClock "0:00:01"]

1. d4 d5 2. c4 c6 3. Nf3 Nf6 4. Nc3 e6 5. e3 Nbd7 6. Qc2 Bd6 7. Bd3 O-O 8. O-O dxc4 9. Bxc4 e5 10. Rd1 Qe7 11. h3 b5 12. Bb3 Bb7 13. dxe5 Nxe5 14. Nd4 g6 15. a4 b4 16. Nce2 a6 17. Ng3 Rad8 18. f4 c5 19. fxe5 Qxe5 20. Nde2 Ne4 21. Rxd6 Nxd6 22. e4 c4 23. Bf4 Qc5+ 24. Kh2 Rc8 25. Bxd6 Qxd6 26. Bxc4 h5 27. b3 h4 28. Re1 hxg3+ 29. Nxg3 Qf4 30. Qe2 a5 31. Rf1 Qe5 32. Qg4 Kg7 33. Kh1 Rcd8 34. Nf5+ Kh8 35. Qh4+ Kg8 36. Ne7+ 1-0


[Site "https://www.chess.com"]

[Event "Titled Tuesday Blitz May 24 Early 2022"]
[White "Khoroshev, Nikita"]
[Black "Matlakov, Maxim"]
[WhiteFideId "14200287"]
[BlackFideId "4168003"]
[WhiteElo "2354"]
[BlackElo "2669"]
[Result "1-0"]
[Round "03"]
[TimeControl "180+1"]
[Date "2022.05.24"]
[WhiteClock "0:02:13"]
[BlackClock "0:00:28"]

1. e4 c5 2. c3 Nf6 3. e5 Nd5 4. d4 cxd4 5. Qxd4 e6 6. Nf3 Nc6 7. Qe4 d6 8. Bb5 Bd7 9. c4 Nc7 10. exd6 Bxd6 11. O-O Nxb5 12. cxb5 Ne7 13. Nc3 Qc7 14. Rd1 Rd8 15. Be3 Bc8 16. b6 axb6 17. Nb5 Qb8 18. Bxb6 O-O 19. Bxd8 Rxd8 20. Nxd6 Rxd6 21. Qe5 Nd5 22. Rxd5 1-0


[Site "https://www.chess.com"]

[Event "Titled Tuesday Blitz May 24 Early 2022"]
[White "Klekowski, Maciej"]
[Black "Ezat, Mohamed"]
[WhiteFideId "1132717"]
[BlackFideId "10600906"]
[WhiteElo "2476"]
[BlackElo "2386"]
[Result "1-0"]
[Round "03"]
[TimeControl "180+1"]
[Date "2022.05.24"]
[WhiteClock "0:01:01"]
[BlackClock "0:00:04"]

1. c4 Nf6 2. Nc3 g6 3. d4 Bg7 4. e4 d6 5. h3 O-O 6. Be3 e5 7. d5 Na6 8. g4 Nc5 9. Qc2 a5 10. Nf3 Nfd7 11. O-O-O a4 12. Kb1 Re8 13. Rg1 Kh8 14. h4 c6 15. h5 cxd5 16. cxd5 Qa5 17. hxg6 hxg6 18. Bb5 Rf8 19. Rh1+ Kg8 20. Bh6 Bxh6 21. Rxh6 Kg7 22. Rdh1 Nf6 23. Ng5 Bxg4 24. Rh7+ Nxh7 25. Rxh7+ Kf6 26. f4 exf4 27. Qf2 Ke5 28. Rxf7 Rxf7 29. Nxf7+ Kf6 30. Qxf4+ Kg7 31. Ng5 Rf8 32. Qxg4 Rf1+ 33. Bxf1 a3 34. Ne6+ Nxe6 35. Qxe6 Qb4 36. Qe7+ Kh6 37. Qh4+ Kg7 38. Qf2 axb2 39. Qxb2 Qc5 40. Na4+ 1-0


[Site "https://www.chess.com"]

[Event "Titled Tuesday Blitz May 24 Early 2022"]
[White "Klimkowski, Jan"]
[Black "Paravyan, David"]
[WhiteFideId "21856222"]
[BlackFideId "4194985"]
[WhiteElo "2197"]
[BlackElo "2569"]
[Result "0-1"]
[Round "03"]
[TimeControl "180+1"]
[Date "2022.05.24"]
[WhiteClock "0:00:05"]
[BlackClock "0:00:27"]

1. e4 e5 2. Nf3 Nf6 3. Nxe5 d6 4. Nf3 Nxe4 5. d4 d5 6. Bd3 Bd6 7. O-O O-O 8. c4 c6 9. Nc3 Nxc3 10. bxc3 dxc4 11. Bxc4 Bg4 12. h3 Bh5 13. Re1 Nd7 14. g4 Bg6 15. Bg5 Qa5 16. Qd2 Rae8 17. Nh4 Nb6 18. Bb3 Nd5 19. Nxg6 hxg6 20. Rxe8 Rxe8 21. c4 Qxd2 22. Bxd2 Nf4 23. Bxf4 Bxf4 24. Kf1 Bd2 25. Rd1 Bb4 26. d5 cxd5 27. cxd5 Bd6 28. Bc4 Rc8 29. Bd3 Rc5 30. Rb1 b6 31. Rb5 Rc3 32. Rb3 Rc5 33. Rb5 Rc1+ 34. Ke2 Rh1 35. Rb3 Rxh3 36. Rc3 Bc5 37. Rc2 Kf8 38. Rc4 g5 39. Ra4 a5 40. Re4 Rh2 41. Bb5 g6 42. Re8+ Kg7 43. Bc4 Rxf2+ 44. Ke1 Rf4 45. Bb3 a4 46. Bd1 Rd4 47. Bf3 f5 48. Re6 fxg4 49. Be4 g3 50. Kf1 Kf8 51. Kg2 Rd2+ 52. Kxg3 Rxa2 53. Bxg6 Rd2 54. Re8+ Kg7 55. Be4 a3 56. Ra8 a2 57. Kg4 Bd4 58. Ra7+ Kf6 59. d6 a1=Q 0-1


[Site "https://www.chess.com"]

[Event "Titled Tuesday Blitz May 24 Early 2022"]
[White "Kollars, Dmitrij"]
[Black "Tristan, Leonardo"]
[WhiteFideId "12909572"]
[BlackFideId "113816"]
[WhiteElo "2584"]
[BlackElo "2404"]
[Result "1-0"]
[Round "03"]
[TimeControl "180+1"]
[Date "2022.05.24"]
[WhiteClock "0:00:11"]
[BlackClock "0:00:05"]

1. d4 d5 2. c4 e6 3. Nf3 Nf6 4. g3 Be7 5. Bg2 O-O 6. O-O dxc4 7. Qc2 a6 8. a4 Bd7 9. Bg5 Bc6 10. Rd1 Nbd7 11. Qxc4 a5 12. Nc3 h6 13. Bxf6 Nxf6 14. e3 Bxf3 15. Bxf3 c6 16. Kg2 Qb6 17. Ne4 Nxe4 18. Bxe4 Qb4 19. Qe2 Rfd8 20. h4 c5 21. Rac1 cxd4 22. Rc4 Qb6 23. Rdxd4 Rxd4 24. exd4 Rd8 25. d5 Bf6 26. dxe6 Qxe6 27. b3 Rd4 28. Rxd4 Bxd4 29. Qd3 Qf6 30. Qc2 g6 31. Bxb7 h5 32. Bf3 Qb6 33. Bd5 Qf6 34. Qe2 Kg7 35. Bc4 Qe5 36. Qd2 Qf6 37. Bd5 Bc3 38. Qd3 Qd4 39. Qf3 Qf6 40. Qe2 Qe5 41. Qc4 Qf6 42. Bxf7 Bd4 43. f4 Qxf7 44. Qxd4+ Kh7 45. Qd3 Qb7+ 46. Kf2 Qb6+ 47. Ke2 Qg1 48. Qe3 Qg2+ 49. Kd3 Qd5+ 50. Kc2 Qc6+ 51. Qc3 Qg2+ 52. Kb1 Kg8 53. Kc1 Kf7 54. Qd3 Kf6 55. Kd1 Qf2 56. Kc1 Qg2 57. Qc3+ Kf5 58. Qxa5+ Kg4 59. Qg5+ Kf3 60. Qd5+ 1-0


[Site "https://www.chess.com"]

[Event "Titled Tuesday Blitz May 24 Early 2022"]
[White "Korchmar, Vasiliy"]
[Black "Antipov, Mikhail Al."]
[WhiteFideId "24131750"]
[BlackFideId "4107012"]
[WhiteElo "2370"]
[BlackElo "2512"]
[Result "0-1"]
[Round "03"]
[TimeControl "180+1"]
[Date "2022.05.24"]
[WhiteClock "0:00:01"]
[BlackClock "0:00:02"]

1. e4 c5 2. Nf3 d6 3. d4 cxd4 4. Nxd4 Nf6 5. Nc3 a6 6. f3 e5 7. Nb3 Be7 8. Be3 Be6 9. Qd2 O-O 10. g4 d5 11. g5 d4 12. gxf6 Bxf6 13. O-O-O Nc6 14. Rg1 Rc8 15. Bh6 dxc3 16. Qg2 Qb6 17. Bxg7 Qxg1 18. Qxg1 cxb2+ 19. Kxb2 Bxg7 20. Qg3 Kh8 21. Bh3 f5 22. Rd6 Nd4 23. c3 Bxb3 24. axb3 Rxc3 25. Rd7 Bf6 26. Bxf5 Rxb3+ 27. Ka2 Nxf5 28. exf5 Rb4 29. Ka3 Rf4 30. Rxb7 Rxf5 31. Qh3 Bg7 32. Qg4 Rxf3+ 33. Rb3 R3f7 0-1


[Site "https://www.chess.com"]

[Event "Titled Tuesday Blitz May 24 Early 2022"]
[White "Kosteniuk, Alexandra"]
[Black "Navalgund, Niranjan"]
[WhiteFideId "4128125"]
[BlackFideId "5030854"]
[WhiteElo "2469"]
[BlackElo "2290"]
[Result "1-0"]
[Round "03"]
[TimeControl "180+1"]
[Date "2022.05.25"]
[WhiteClock "0:01:07"]
[BlackClock "0:00:04"]

1. e4 e5 2. Nf3 Nc6 3. Bc4 Bc5 4. c3 Nf6 5. d4 exd4 6. b4 Bb6 7. e5 d5 8. exf6 dxc4 9. Qe2+ Be6 10. b5 d3 11. Qe4 Na5 12. fxg7 Rg8 13. Bg5 Qd5 14. Qxh7 f6 15. Bxf6 Bf5 16. Qh5+ Kd7 17. O-O Be6 18. Ne5+ Kd6 19. Nd2 Rae8 20. Qh4 c6 21. Qf4 Kc7 22. Nxc6+ Kc8 23. Qb8+ Kd7 24. Ne5+ Qxe5 25. Qxe5 Bc7 26. Qd4+ Kc8 27. Qxa7 Bd5 28. b6 Nc6 29. Qa8+ Bb8 30. Rae1 Re2 31. Rxe2 dxe2 32. Re1 Re8 33. f4 Bf7 34. Nf3 Bd5 35. Be5 Kd7 36. Qxb7+ 1-0


[Site "https://www.chess.com"]

[Event "Titled Tuesday Blitz May 24 Early 2022"]
[White "Kostiukov, Alexandr"]
[Black "Piliczewski, Bogusz"]
[WhiteFideId "14108100"]
[BlackFideId "1104144"]
[WhiteElo "2202"]
[BlackElo "1896"]
[Result "1-0"]
[Round "03"]
[TimeControl "180+1"]
[Date "2022.05.25"]
[WhiteClock "0:00:20"]
[BlackClock "0:00:17"]

1. g3 d5 2. Bg2 Nf6 3. d3 Bf5 4. Nc3 e6 5. Nf3 h6 6. O-O Be7 7. Qe1 O-O 8. e4 Bh7 9. e5 Nfd7 10. h4 c5 11. h5 Nc6 12. Bf4 a6 13. Qd2 Re8 14. Rfe1 b5 15. Nh2 Bg5 16. Ng4 Bxf4 17. Qxf4 Qg5 18. Qxg5 hxg5 19. f4 gxf4 20. gxf4 Nb4 21. Re2 Nc6 22. Rae1 Nd4 23. Rf2 Nf5 24. Nd1 Ng3 25. h6 g6 26. c4 Nb6 27. Nf6+ Kh8 28. Nxe8 Rxe8 29. cxd5 exd5 30. Ne3 d4 31. Nd5 Nxd5 32. Bxd5 Bg8 33. Kg2 Nf5 34. Be4 Nxh6 35. Rh1 Kg7 36. Kf3 Nf5 37. Bxf5 gxf5 38. Rg2+ Kf8 39. Rh8 Re6 40. Rgxg8+ Ke7 41. Rd8 f6 42. Rde8+ Kd7 43. Rxe6 Kxe6 44. exf6 Kxf6 45. Ra8 c4 46. dxc4 bxc4 47. Rxa6+ Ke7 48. Rc6 d3 49. Ke3 Kd7 50. Rxc4 d2 51. Rd4+ Ke6 52. Rxd2 Kf6 53. a4 Kg6 54. a5 Kh5 55. a6 Kg6 56. a7 Kf6 57. a8=Q Ke6 58. b3 Kf6 59. b4 Ke6 60. b5 Kf6 61. b6 1-0


[Site "https://www.chess.com"]

[Event "Titled Tuesday Blitz May 24 Early 2022"]
[White "Kozak, Antoni"]
[Black "Kamsky, Gata"]
[WhiteFideId "21832030"]
[BlackFideId "2000024"]
[WhiteElo "2322"]
[BlackElo "2645"]
[Result "1/2-1/2"]
[Round "03"]
[TimeControl "180+1"]
[Date "2022.05.24"]
[WhiteClock "0:00:06"]
[BlackClock "0:00:28"]

1. Nf3 Nf6 2. c4 b6 3. g3 Bb7 4. Bg2 g6 5. O-O Bg7 6. Nc3 c5 7. d4 cxd4 8. Qxd4 O-O 9. Qh4 d6 10. Bh6 Nbd7 11. Rac1 Bxf3 12. exf3 Rc8 13. b3 Bxh6 14. Qxh6 a6 15. Qe3 Re8 16. Rfe1 Rc5 17. f4 Qb8 18. a4 a5 19. Rcd1 Rcc8 20. Rd2 Nc5 21. Nb5 Na6 22. Rde2 Nc5 23. Bf3 Rcd8 24. Qc3 e5 25. Bg2 Kg7 26. fxe5 dxe5 27. Qc2 h5 28. Nc3 Rd4 29. Nd5 Nxd5 30. Bxd5 f6 31. Re3 Qd6 32. Qe2 e4 33. Rd1 Qe5 34. Rxd4 Qxd4 35. Kg2 Re5 36. Qc2 f5 37. Qe2 Kh6 38. h4 Nd3 39. Kf1 Kg7 40. Qd2 Qa1+ 41. Kg2 Qd4 42. Kf1 Qa1+ 43. Kg2 Qd4 44. Kf1 1/2-1/2


[Site "https://www.chess.com"]

[Event "Titled Tuesday Blitz May 24 Early 2022"]
[White "Kruckenhauser, Arthur"]
[Black "Vittorino, Carlo Giovanni"]
[WhiteFideId "1642812"]
[BlackFideId "4401247"]
[WhiteElo "2243"]
[BlackElo "2233"]
[Result "1-0"]
[Round "03"]
[TimeControl "180+1"]
[Date "2022.05.25"]
[WhiteClock "0:02:02"]
[BlackClock "0:01:31"]

1. e4 c5 2. Nf3 d6 3. d4 cxd4 4. Nxd4 Nf6 5. Nc3 g6 6. h4 Nc6 7. Bg5 Bg7 8. Nxc6 bxc6 9. Be2 h6 10. Be3 Qa5 11. Qd2 Rb8 12. Rb1 Rxb2 13. Rxb2 Nxe4 14. Nxe4 Qxd2+ 15. Kxd2 Bxb2 16. Rb1 Bg7 17. Bxa7 O-O 18. Rb8 f5 19. Nc3 Kf7 20. a4 d5 21. a5 d4 22. Bc4+ e6 23. Na4 Be5 24. Ra8 Bf4+ 25. Ke1 1-0


[Site "https://www.chess.com"]

[Event "Titled Tuesday Blitz May 24 Early 2022"]
[White "Kuznetsov, Mikhail"]
[Black "Reprintsev, Alexander"]
[WhiteFideId "4117190"]
[BlackFideId "14100541"]
[WhiteElo "1981"]
[BlackElo "2108"]
[Result "0-1"]
[Round "03"]
[TimeControl "180+1"]
[Date "2022.05.25"]
[WhiteClock "0:00:02"]
[BlackClock "0:00:16"]

1. Nf3 d5 2. g3 Nc6 3. Bg2 e5 4. d3 Bg4 5. O-O Qd7 6. c4 Nf6 7. cxd5 Nxd5 8. Nc3 Nxc3 9. bxc3 Bh3 10. Rb1 Bxg2 11. Kxg2 b6 12. Qa4 Bd6 13. Ba3 O-O 14. Bxd6 cxd6 15. c4 f5 16. d4 e4 17. Nd2 Rf7 18. e3 Raf8 19. Rb5 g5 20. Qa3 h6 21. Rd5 Rf6 22. c5 f4 23. exf4 gxf4 24. h3 fxg3 25. Nxe4 Rg6 26. Nxg3 h5 27. Rxh5 Nxd4 28. Qd3 Qc6+ 29. f3 dxc5 30. Qc4+ Qe6 31. Qxe6+ Nxe6 32. Re5 Nf4+ 33. Kh2 Rf7 34. Re8+ Kh7 35. Re4 Rgf6 36. Rfe1 b5 37. Re7 a6 38. Rxf7+ Rxf7 39. Re5 c4 40. Ne4 Kg7 41. Rg5+ Kf8 42. Rc5 Ne6 43. Rc8+ Kg7 44. Rc6 Nd4 45. Rxa6 Nxf3+ 46. Kg3 Ne5 47. Nd6 Rf3+ 48. Kg2 c3 49. Ra7+ Kf6 50. Nxb5 Rd3 51. Rc7 Rd2+ 52. Kg3 c2 53. Na3 Rd3+ 54. Kg2 Rxa3 55. Rxc2 Kf5 56. Rb2 Nc4 57. Rc2 Ne3+ 0-1


[Site "https://www.chess.com"]

[Event "Titled Tuesday Blitz May 24 Early 2022"]
[White "Kvaloy, Aksel Bu"]
[Black "Hasangatin, Ramil"]
[WhiteFideId "1528815"]
[BlackFideId "4122160"]
[WhiteElo "2053"]
[BlackElo "2399"]
[Result "0-1"]
[Round "03"]
[TimeControl "180+1"]
[Date "2022.05.25"]
[WhiteClock "0:00:02"]
[BlackClock "0:01:00"]

1. e4 d5 2. exd5 Qxd5 3. Nc3 Qd6 4. d4 Nf6 5. Nf3 c6 6. Ne5 Nbd7 7. f4 Nb6 8. Be2 g6 9. O-O Bg7 10. Bf3 h5 11. Be3 Nbd5 12. Nxd5 cxd5 13. c4 dxc4 14. Qa4+ Bd7 15. Qxc4 O-O 16. Nxg6 Be6 17. d5 Rfc8 18. Qd3 Bxd5 19. Bxd5 Nxd5 20. Qxd5 Qxg6 21. f5 Qc6 22. Qxc6 Rxc6 23. Rab1 Rc2 24. Rf2 Rac8 25. Bxa7 Rxf2 26. Kxf2 Rc2+ 27. Kf3 Bxb2 28. Be3 b5 29. g3 b4 30. Bf2 Ba3 31. Be1 Rc4 32. Rb3 Kg7 33. h3 Kf6 34. g4 hxg4+ 35. hxg4 Ke5 36. Bg3+ Kd5 37. Bh4 Rc3+ 38. Ke2 Rc2+ 39. Kd3 Rg2 40. Bxe7 Rxg4 41. Ke2 Kc4 42. Kf3 Rd4 43. f6 Rd2 44. Ke4 Re2+ 45. Kf5 Rxa2 46. Rb1 Rf2+ 47. Kg5 Rg2+ 48. Kh6 Kc3 49. Kh7 Kc2 50. Rxb4 Bxb4 51. Bxb4 Rg6 52. Be7 Kd3 53. Kh8 Ke4 54. Kh7 Kf5 55. Bf8 Kxf6 56. Bg7+ Rxg7+ 57. Kh8 Rg6 0-1


[Site "https://www.chess.com"]

[Event "Titled Tuesday Blitz May 24 Early 2022"]
[White "Lauridsen, Jesper Morch"]
[Black "Sargsyan, Anna M."]
[WhiteFideId "1401890"]
[BlackFideId "13308130"]
[WhiteElo "2252"]
[BlackElo "2271"]
[Result "0-1"]
[Round "03"]
[TimeControl "180+1"]
[Date "2022.05.25"]
[WhiteClock "0:00:12"]
[BlackClock "0:01:45"]

1. e4 c6 2. d4 d5 3. Nc3 dxe4 4. Bc4 Nf6 5. f3 exf3 6. Nxf3 Bf5 7. O-O e6 8. Ng5 Bg6 9. Ne2 Bd6 10. Nf4 Bxf4 11. Bxf4 O-O 12. Be5 Nbd7 13. Qe2 h6 14. Nf3 Bh5 15. Rad1 Nxe5 16. dxe5 Qb6+ 17. Kh1 Nd5 18. Rde1 Qxb2 19. Rb1 Qa3 20. Rb3 Qe7 21. Qe4 b5 22. Bd3 Bg6 23. Qe2 Nf4 24. Qe3 Nd5 25. Qf2 Bxd3 26. Rxd3 c5 27. Nh4 c4 28. Rg3 Kh8 29. Qe2 Qxh4 0-1


[Site "https://www.chess.com"]